 Dungeon Crawl Stone Soup version 0.31-a0-1206-g41278d8d1d (webtiles) character file.

Game seed: 9174330966192575866

47 ytrimaz the Insei (level 3, -1/23 HPs)
             Began as an Octopode Shapeshifter on Dec 13, 2023.
             Slain by Robin
             ... wielding a +0 trident
              (2 damage)
             ... on level 2 of the Dungeon.
             The game lasted 00:01:26 (983 turns).

ytrimaz the Insei (Octopode Shapeshifter)            Turns: 983, Time: 00:01:27

Health: -1/23      AC:  1    Str: 13    XL:     3   Next: 70%
Magic:  3/3        EV: 18    Int: 12    God:
Gold:   24         SH:  0    Dex: 13    Spells: 2/2 levels left

rFire   . .          .
                       - Unarmed
rCold   . . .        (no shield)
rNeg    . . .        (helmet currently unavailable)
rPois   +            (no amulet)
rElec   .            h - +5 ring of evasion
rCorr   .            (no ring)
SInv    .            (no ring)
Will    .....        (no ring)
Stlth   ++           (no ring)
HPRegen 0.23/turn    (no ring)
MPRegen 0.08/turn    (no ring)
                     (no ring)

%: no passive effects
@: beast-form
A: beast (slay +2), almost no armour, amphibious, 8 rings, camouflage 1,
gelatinous body 1, (nimble swimmer 1), tentacles, poison resistance, inability
to drink after injury 1
a: Begin Untransformation


You were on level 2 of the Dungeon.
You were a hulking beast.
You visited 1 branch of the dungeon, and saw 2 of its levels.

You collected 24 gold pieces.


Innate Abilities, Weirdness & Mutations

You are a hulking beast.
Your limbs bulge with bestial killing power. (Slay +2)
You cannot wear most types of armour.
You are amphibious.
You can wear up to eight rings at the same time.
Your skin changes colour to match your surroundings (Stealth+).
Your rubbery body absorbs attacks. (AC +1, EV +1)
((You are camouflaged when in or above water. (Stealth+)))
You have tentacles for arms and can constrict up to eight enemies at once.
Your system is resistant to poisons. (rPois)
You occasionally lose the ability to drink potions when taking damage.


   Skills:
 - Level 1.0 Fighting
 - Level 2.0 Dodging
 + Level 3.8 Unarmed Combat
 + Level 3.7 Shapeshifting


You had 2 spell levels left.
You didn't know any spells.
Your spell library was empty.

Inventory:

Jewellery
 h - a +5 ring of evasion (left tentacle)
   (You found it on level 1 of the Dungeon)
Talismans
 b - a beast talisman
 c - a flux talisman
Scrolls
 f - 2 scrolls of identify {unknown}
 i - a scroll of silence {unknown}
Potions
 a - a potion of lignification
 e - a potion of degeneration {unknown}
 g - a potion of magic {unknown}

Dungeon Overview and Level Annotations

Branches:
Dungeon (2/15) Zot: 11021

Altars:

Shops:
D:1 (

Annotations:
D:2 Robin

#.##
#...............
#..###
#...............
##...####
##..............
###..).##
##.....#.....##
####..###
#############
##.).# ###.# #)#
#h# #g# g.# ##gg


.gg ###g . ## You could see Robin, a hobgoblin (strong) and 5 goblins.


Message History

The adder bites you.
You are poisoned.
The adder poisons you! 😕 HP[-3]
You take 3 damage, and now have 20/23 hp.
You bludgeon the adder!
You kill the adder!
You feel sick. 😕 HP[-2]
You take 2 damage, and now have 18/23 hp.
You feel sick.
Unknown command.
You feel sick.
You feel sick.
You feel sick.
You feel sick.
You are no longer poisoned.
f - 2 scrolls labelled FYOXYE GUFIRUR (gained 1)
Found a stone staircase leading down.
A kobold comes into view. It is wielding a +0 dagger. 😎 HP[+5]
Your hp is fully restored (23).
A kobold is nearby!
A kobold is nearby!
The kobold shouts!
You hear a shout! x3
The kobold hits you but does no damage.
You tentacle-slap the kobold.
You kill the kobold!
A goblin comes into view. It is wielding a +0 club.
Things that are here:
a +0 dagger; 2 stones A goblin is nearby!
A goblin is nearby!
The goblin barely misses you.
You closely miss the goblin. You grab the goblin. You constrict the goblin.
The goblin hits you with a +0 club. 😕 HP[-2]
You take 2 damage, and now have 21/23 hp.
You tentacle-slap the goblin.
You kill the goblin!
No target in view! 2 hobgoblins and 2 goblins come into view.
Things that are here:
a +0 club; a goblin corpse
There are monsters nearby!
There are monsters nearby!
A goblin comes into view. It is wielding a +0 club.
The goblin shouts! x2; You hear a shout! x3
A goblin comes into view. It is wielding a +0 dagger.
The hobgoblin shouts!
The goblin shouts!
The hobgoblin shouts!
You hear a shout!
Robin of the Strong Arm comes into view.
They are wielding a +0 trident.
Okay, then.
A goblin comes into view. It is wielding a +0 dagger.
The goblin shouts!
Robin misses you. The goblin misses you.
A hobgoblin comes into view. 😕 HP[+1] Unknown command.
You tentacle-slap the goblin.
You kill the goblin!
Robin roars a battlecry!
The goblins go into a battle-frenzy!
You tentacle-slap the hobgoblin. Your grab misses the hobgoblin.
Robin completely misses you. The hobgoblin barely misses you.
A goblin comes into view. It is wielding a +0 club.
You tentacle-slap the hobgoblin but do no damage.
Your grab misses the hobgoblin. You squeeze the hobgoblin.
The hobgoblin hits you. Robin completely misses you. 😮 HP[-6]
You take 6 damage, and now have 16/23 hp.
MASSIVE DAMAGE!! (PAUSE)
You closely miss the hobgoblin. You grab the hobgoblin.
You constrict the hobgoblin, but do no damage.
The hobgoblin barely misses you. Robin throws the goblin at you!
The goblin misses you. 😮 HP[+1] Unknown command.
You tentacle-slap the goblin. You grab the goblin. You squeeze the goblin.
You kill the goblin!
You constrict the hobgoblin.
A goblin comes into view. It is wielding a +0 club.
The hobgoblin hits you.
* * * LOW HITPOINT WARNING * * *
Robin hits you from afar with a +0 trident!
* * * LOW HITPOINT WARNING * * *
😱 HP[-16]
You take 16 damage, and now have 1/23 hp.
MASSIVE DAMAGE!! (PAUSE) Unknown command.
Okay, then.
Unknown command.
It was a potion of mutation.
You feel extremely strange.
You occasionally lose the ability to drink potions when taking damage.
You feel resistant to poisons.
You constrict the hobgoblin.
You kill the hobgoblin!
Robin hits you from afar with a +0 trident.
You die...
Robin says, "And that's why I'm the boss."

Action                     || total
---------------------------++-------
  Melee: Unarmed           ||    74
         Constrict         ||    13
         Punch             ||     3
         Tentacles         ||     6
    Use: Potion            ||     1
   Stab: Sleeping          ||     3
 Armour: Skin              ||    34
  Dodge: Dodged            ||    69

Levels and vault maps discovered:
D:1:      evilmike_arrival_hilbert_curve, layout_basic, serial_shops,
          nicolae_shop_just_a_little_nook, minmay_box_of_dots
D:2:      layout_rooms, minmay_bisected, uniq_robin, uniq_crazy_yiuf_cottage

Notes
Turn   | Place    | Note
-------+----------+-------------------------------------------
     0 | D:1      | ytrimaz the Octopode Shapeshifter began the quest for the
                  | Orb.
     0 | D:1      | Reached XP level 1. HP: 13/13 MP: 1/1
     0 | D:1      | magus.rc [v1.9.6]
    80 | D:1      | HP: 3/13 [frozen (5)]
   173 | D:1      | Reached XP level 2. HP: 15/18 MP: 2/2
   241 | D:1      | Found Valunod's Antique Weapon Shoppe.
   442 | D:1      | Reached XP level 3. HP: 23/23 MP: 3/3
   976 | D:2      | Noticed Robin
   982 | D:2      | HP: 1/23 [Robin/+0 trident (10)]
   983 | D:2      | Gained mutation: You occasionally lose the ability to drink
                  | potions when taking damage. [potion of mutation]
   983 | D:2      | Gained mutation: Your system is resistant to poisons.
                  | (rPois) [potion of mutation]
   983 | D:2      | Slain by Robin

Vanquished Creatures
  An adder (D:2)
  A dart slug (D:1)
  A ball python (D:1)
  3 endoplasms (D:1)
  2 giant cockroaches (D:1)
  5 goblins
  4 hobgoblins
  A quokka (D:1)
  4 bats (D:1)
  A frilled lizard (D:1)
  8 kobolds
  5 rats (D:1)
36 creatures vanquished.

Table legend:
 A = Non-vault XP
 B = Vault XP
 C = Vault XP percentage of total XP
 D = Non-vault monster count
 E = Vault monster count
 F = Vault count percentage of total count
                 A         B        C        D         E       F
            +---------+---------+-------+---------+---------+-------
      Total |      55 |      15 |  21.4 |      27 |       9 |  25.0
            +---------+---------+-------+---------+---------+-------
        D:1 |      38 |       8 |  17.4 |      24 |       5 |  17.2
        D:2 |      17 |       7 |  29.2 |       3 |       4 |  57.1
            +---------+---------+-------+---------+---------+-------

Action                     || total
---------------------------++-------
  Melee: Unarmed           ||    74
         Constrict         ||    13
         Punch             ||     3
         Tentacles         ||     6
    Use: Potion            ||     1
   Stab: Sleeping          ||     3
 Armour: Skin              ||    34
  Dodge: Dodged            ||    69

Illustrated notes

Table legend:
 A = Kills in this place as a percentage of kills in the entire game.
 B = Kills by you in this place as a percentage of kills by you in the entire game.
 C = Kills by friends in this place as a percentage of kills by friends in the entire game.
 D = Other kills in this place as a percentage of other kills in the entire game.
 E = Experience gained in this place as a percentage of experience gained in the entire game.
 F = Experience gained in this place divided by the number of levels of this place that you have seen.
                   A       B       C       D       E      F
               +-------+-------+-------+-------+-------+----------------------
         Total | 100.0 | 100.0 |   N/A |   N/A | 100.0 |  35.0
       Dungeon | 100.0 | 100.0 |   N/A |   N/A | 100.0 |  35.0
               +-------+-------+-------+-------+-------+----------------------

Table legend: (Time is in decaauts)
 A = Elapsed time spent in this place.
 B = Non-inter-level travel time spent in this place.
 C = Inter-level travel time spent in this place.
 D = Time resting spent in this place.
 E = Time spent auto-exploring this place.
 F = Levels seen in this place.
 G = Mean time per level.
                   A        B        C        D        E       F      G
               +--------+--------+--------+--------+--------+-----+--------+
         Total |    977 |    958 |     19 |      0 |    741 |   2 |  488.5 |
       Dungeon |    977 |    958 |     19 |      0 |    741 |   2 |  488.5 |
               +--------+--------+--------+--------+--------+-----+--------+

Top non-repeatable levels by time:
     D:1: 867 daAuts
     D:2: 109 daAuts
